 Dungeon Crawl Stone Soup version 0.31-a0-614-gc85dc1c48c (webtiles) character file.

Game seed: 9431276264814582709

505564 Frosty the Ogre Mage (level 25, -3/225 (235) HPs)
             Began as an Ogre Air Elementalist on July 15, 2023.
             Was the Champion of Vehumet.
             Shot with a bolt by a yaktaur captain (26 damage)
             ... on level 5 of the Vaults on Aug 22, 2023.
             The game lasted 17:52:36 (98716 turns).

Frosty the Ogre Mage (Ogre Air Elementalist)       Turns: 98716, Time: 17:52:37

HP:   -3/225 (235)  AC: 21    Str: 15    XL:     25   Next: 34%
MP:   45/63         EV:  9    Int: 25    God:    Vehumet [******]
Gold: 3801          SH: 17    Dex: 17    Spells: 8/78 levels left

rFire   + . .        K - staff of fire
rCold   + . .        Y - +5 kite shield {AC+3}
rNeg    . . .        u - +6 faerie dragon scales {rCorr Str+3}
rPois   +            C - +1 hat "Xoit" {Int+3}
rElec   .            t - +1 cloak "Zatim" {rPois Str-3 Int+2}
rCorr   +            (gloves unavailable)
SInv    .            (boots unavailable)
Will    ++...        y - amulet of faith
Stlth   ++           r - ring of wizardry
HPRegen 0.57/turn    L - ring "Peggoy" {rPois rC+ MP+9}
MPRegen 0.38/turn

%: faith, wizardry (x1)
@: studying Axes, lightly drained
A: large, unfitting armour, tough skin 1, agile 2, dopey 1, robust 1, weak 1
}: 2/15 runes: decaying, serpentine
a: Renounce Religion


You were on level 5 of the Vaults.
You worshipped Vehumet.
Vehumet was exalted by your worship.
You visited 10 branches of the dungeon, and saw 48 of its levels.
You visited the Abyss 2 times.
You visited 1 bazaar.
You also visited: Sewer.

You collected 6813 gold pieces.
You spent 3012 gold pieces at shops.

Inventory:

Hand Weapons
 a - a +9 eveningstar of freezing
 h - the +4 whip of Ofuxoel {venom, rC+}
   (You found it on level 5 of the Vaults)

   rC+:       It protects you from cold.
 H - a +3 battleaxe of electrocution
 R - a +3 broad axe of flaming
Armour
 q - a +0 robe of positive energy
 t - the +1 cloak "Zatim" (worn) {rPois Str-3 Int+2}
   (You found it on level 1 of the Swamp)

   Str-3:     It affects your strength (-3).
   Int+2:     It affects your intelligence (+2).
   rPois:     It protects you from poison
 u - the +6 faerie dragon scales (worn) {rCorr Str+3}
   (You took it off the Enchantress on level 2 of the Depths)

   Str+3:     It affects your strength (+3).
   rCorr:     It protects you from acid and corrosion.
 C - the +1 hat "Xoit" (worn) {Int+3}
   (You bought it in a shop on level 2 of the Orcish Mines)

   Int+3:     It affects your intelligence (+3).
 J - the +0 cloak of Lofrotis {Regen+ Int+2}
   (You found it on level 2 of the Depths)

   Int+2:     It affects your intelligence (+2).
   Regen+:    It increases your rate of health regeneration.
 Y - a +5 kite shield of protection (worn)
Magical Staves
 b - a staff of earth
 s - the staff "Olyenikho" {rC+ Str-2 Dex+7 Ice}
   (You found it on level 4 of the Vaults)

   [staff of cold]

   Base accuracy: +5 Base damage: 5 Base attack delay: 1.2 This weapon's minimum
   attack delay (0.6) is reached at skill level 12.
   Str-2:     It affects your strength (-2).
   Dex+7:     It affects your dexterity (+7).
   rC+:       It protects you from cold.
   Ice:       It increases the power of your Ice spells.
   It falls into the 'Staves' category.
   It is a one-handed weapon.
 w - the staff "Ogre's Foe" {rN+ Will+ Necro}
   (You found it on level 3 of the Elven Halls)

   [staff of death]

   Base accuracy: +5 Base damage: 5 Base attack delay: 1.2 This weapon's minimum
   attack delay (0.6) is reached at skill level 12.
   rN+:       It protects you from negative energy.
   Will+:     It increases your willpower.
   Necro:     It increases the power of your Necromancy spells.
   It falls into the 'Staves' category.
   It is a one-handed weapon.
 K - a staff of fire (weapon)
 N - a staff of cold
 U - a staff of air
 Z - a staff of conjuration
Jewellery
 d - a ring of fire
 e - the ring "Madaceig" {Ice rN+ Str+3 Stlth+}
   (You took it off Josephina on level 4 of the Depths)

   [ring of ice]

   Ice:       It enhances your ice magic.
   Str+3:     It affects your strength (+3).
   rF-:       It makes you vulnerable to fire.
   rC+:       It protects you from cold.
   rN+:       It protects you from negative energy.
   Stlth+:    It makes you more stealthy.
 l - a ring of willpower
 m - a ring of ice
 o - a ring of fire
 r - a ring of wizardry (left hand)
 v - the ring of the Briny Deep {*Slow rN+ Str+6 Int+8 Dex-4}
   (You took it off an ironbound preserver on level 4 of the Vaults)

   [ring of strength]

   Str+6:     It affects your strength (+6).
   Int+8:     It affects your intelligence (+8).
   Dex-4:     It affects your dexterity (-4).
   rN+:       It protects you from negative energy.
   *Slow:     It may slow you when you take damage.
 y - an amulet of faith (around neck)
 G - the amulet of Equivalence {Faith Rampage +Blink Will-}
   (You took it off a tengu conjurer on level 2 of the Depths)

   [amulet of faith]

   Faith:     It allows you to gain divine favour quickly.
   Will-:     It decreases your willpower.
   +Blink:    It lets you blink.
   Rampage:   It bestows one free step when moving towards enemies.
 L - the ring "Peggoy" (right hand) {rPois rC+ MP+9}
   (You found it on level 5 of the Dungeon)

   [ring of magical power]

   rC+:       It protects you from cold.
   rPois:     It protects you from poison MP+9: It affects your magic capacity
   (+9).
 S - the ring "Astrinwou" {rC+ SInv}
   (You found it on level 3 of the Vaults)

   [ring of see invisible]

   rC+:       It protects you from cold.
   SInv:      It lets you see invisible.
Wands
 c - a wand of iceblast (9)
 z - a wand of digging (17)
 P - a wand of mindburst (44)
 X - a wand of light (28)
Scrolls
 f - 4 scrolls of immolation
 g - a scroll of silence
 n - 6 scrolls of fear
 x - 11 scrolls of revelation
 M - a scroll of teleportation
 O - 8 scrolls of fog
 V - a scroll of amnesia
Potions
 i - 25 potions of curing
 k - 7 potions of brilliance
 p - 4 potions of invisibility
 B - 3 potions of ambrosia
 D - a potion of lignification
 F - 10 potions of enlightenment
 Q - 4 potions of resistance
 T - a potion of magic
 W - 2 potions of cancellation


   Skills:
 - Level 6.2 Fighting
 + Level 8.0(8.5) Axes
 - Level 4.1(6.2) Maces & Flails
 + Level 8.3 Armour
 - Level 3.0 Dodging
 - Level 1.5 Stealth
 - Level 11.0 Shields
 O Level 27 Spellcasting
 + Level 18.1 Conjurations
 * Level 14.6 Summonings
 - Level 3.2 Translocations
 - Level 2.6 Transmutations
 - Level 5.1 Fire Magic
 + Level 7.8 Ice Magic
 + Level 13.0 Air Magic
 + Level 13.9 Earth Magic
 - Level 0.3 Evocations


You had 8 spell levels left.
You knew the following spells:

 Your Spells              Type           Power      Damage    Failure   Level
a - Shock                 Conj/Air       100%       1d9       0%          1
b - Fireball              Conj/Fire      47%        3d19      1%          5
c - Stone Arrow           Conj/Erth      100%       3d13      0%          3
d - Iskenderun's Mystic   Conj/Tloc      72%        2d15      1%          4
e - Freezing Cloud        Conj/Ice/Air   39%        6-21      1%          5
f - Chain Lightning       Conj/Air       42%        3d56      36%         9
g - Irradiate             Conj/Tmut      35%        3d23      1%          5
h - Arcjolt               Conj/Air       42%        1d52      1%          5
i - Summon Lightning Spi  Summ/Air       80%        N/A       1%          4
j - Spellforged Servitor  Conj/Summ      43%        N/A       1%          7
k - Lehudib's Crystal Sp  Conj/Erth      42%        10d10     2%          8
l - Animate Armour        Summ/Erth      100%       N/A       1%          4
m - Blink                 Tloc           98%        N/A       1%          2
n - Summon Horrible Thin  Summ           41%        N/A       16%         8

Your spell library contained the following spells:

 Spells                   Type           Power      Damage    Failure   Level
 Shatter                  Erth           40%        3d32*     56%         9
 Polar Vortex             Ice            32%        12d4*     99%         9
 Foxfire                  Conj/Fire      100%       2x1d9     0%          1
 Sandblast                Erth           100%       2d20      0%          1
 Summon Small Mammal      Summ           100%       N/A       0%          1
 Static Discharge         Conj/Air       100%       2-7/arc   0%          2
 Call Canine Familiar     Summ           82%        N/A       0%          3
 Apportation              Tloc           98%        N/A       1%          1
 Kiss of Death            Conj/Necr      100%       2d13      1%          1
 Necrotise                Necr           100%       1d9       1%          1
 Slow                     Hex            100%       N/A       1%          1
 Cigotuvi's Dreadful Rot  Necr/Pois/Air  100%       N/A       1%          2
 Ensorcelled Hibernation  Hex/Ice        100%       N/A       1%          2
 Lesser Beckoning         Tloc           98%        N/A       1%          2
 Momentum Strike          Conj/Tloc      100%       3d10      1%          2
 Passwall                 Tmut/Erth      55%        N/A       1%          2
 Poisonous Vapours        Pois/Air       100%       N/A       1%          2
 Dazzling Flash           Conj/Hex       100%       N/A       1%          3
 Frozen Ramparts          Ice            100%       1d16      1%          3
 Gell's Gravitas          Tloc           49%        N/A       1%          3
 Hailstorm                Conj/Ice       78%        3d16      1%          3
 Ignite Poison            Fire/Tmut/Pois 63%        N/A       1%          3
 Inner Flame              Hex/Fire       63%        N/A       1%          3
 Mephitic Cloud           Conj/Pois/Air  71%        N/A       1%          3
 Portal Projectile        Hex/Tloc       82%        N/A       1%          3
 Summon Guardian Golem    Hex/Summ       63%        N/A       1%          3
 Swiftness                Air            78%        N/A       1%          3
 Teleport Other           Tloc           49%        N/A       1%          3
 Volatile Blastmotes      Fire/Tloc      100%       2d18      1%          3
 Airstrike                Air            39%        2d(6-22)  1%          4
 Fulminant Prism          Conj/Hex       34%        3d16      1%          4
 Leda's Liquefaction      Hex/Erth       31%        N/A       1%          4
 Petrify                  Tmut/Erth      66%        N/A       1%          4
 Sticky Flame             Conj/Fire      95%        2d10      1%          4
 Iskenderun's Battlesphe  Conj           90%        2d14      1%          5
 Lee's Rapid Deconstruct  Erth           40%        3d20*     1%          5
 Silence                  Hex/Air        30%        N/A       1%          5
 Summon Forest            Summ/Tloc      34%        N/A       1%          5
 Conjure Ball Lightning   Conj/Air       42%        3x3d15    1%          6
 Plasma Beam              Fire/Air       43%        2x1d57    1%          6
 Starburst                Conj/Fire      47%        6d13      1%          6
 Orb of Destruction       Conj           45%        9d12      1%          7
 Summon Hydra             Summ           41%        N/A       1%          7
 Confusing Touch          Hex            33%        N/A       2%          3
 Tukima's Dance           Hex            33%        N/A       2%          3
 Vampiric Draining        Necr           33%        2d8       2%          3
 Manifold Assault         Tloc           49%        N/A       2%          4
 Metabolic Englaciation   Hex/Ice        26%        N/A       6%          5
 Maxwell's Capacitive Co  Air            39%        ∞         9%          8
 Anguish                  Hex/Necr       16%        N/A       10%         4
 Cause Fear               Hex            16%        N/A       10%         4
 Dispel Undead            Necr           33%        3d14      10%         4
 Ozocubu's Refrigeration  Ice            32%        4d14      10%         7
 Malign Gateway           Summ/Tloc      34%        N/A       21%         7
 Eringya's Noxious Bog    Tmut/Pois      20%        4d6       22%         6
 Agony                    Necr           33%        N/A       26%         5
 Dispersal                Tloc           24%        N/A       36%         6
 Ignition                 Fire           36%        3d11      82%         8
 Enfeeble                 Hex            16%        N/A       100%        7
 Discord                  Hex            16%        N/A       100%        8
 Disjunction              Tloc           24%        N/A       100%        8


Dungeon Overview and Level Annotations

Branches:
Dungeon (15/15)            Temple (1/1) D:4            Lair (5/5) D:10
  Swamp (4/4) Lair:3        Snake (4/4) Lair:2        Slime (5/5) Lair:5
    Orc (2/2) D:11            Elf (3/3) Orc:2        Vaults (5/5) D:13
  Crypt (0/3) Vaults:3     Depths (4/4) D:15            Zot (0/5) Depths:4
  Sewer (visited)

Altars:
Ashenzari
Cheibriados
Dithmenos
Elyvilon
Gozag
Kikubaaqudgha
Makhleb
Nemelex Xobeh
Okawaru
Qazlal
Sif Muna
Trog
Uskayaw
Vehumet
Wu Jian
Xom
Yredelemnul
Zin
The Shining One
Jiyva

Shops:
D:6 *   D:8 [   Orc:2 [!?**   Elf:2 [((   Snake:3 [=   Snake:4 !??*
Vaults:2 (

Portals:
Hell: Depths:1 Depths:2 Depths:3 Depths:4
Abyss: Depths:3
Pandemonium: Depths:2
Ziggurat: Depths:3
Trove: Vaults:2 (give 8 scrolls of blinking)

Annotations:
D:6 1 runed translucent door, Crazy Yiuf
Lair:2 3 runed translucent doors, hackon's ghost, journeyman OgFE
Slime:5 Royal Jelly
Elf:2 Roxanne
Elf:3 2 transporters, exclusion: orange crystal statue, Kiciri's ghost, adept GnWr
Vaults:4 Arghirug's ghost, adept HOFi


Innate Abilities, Weirdness & Mutations

You are too large for most types of armour.
You have tough skin. (AC +1)
You are very agile. (Dex +8, Str/Int -2)
You are dopey. (Int -2)
You are robust. (+10% HP)
You are weak. (Str -2)


Message History

Your spellforged servitor gestures at the shadow dragon while chanting.
The crystal spear hits the shadow dragon!!!
Casting: Spellforged Servitor (mildly dangerous; 1% risk of failure)
Confirm with . or Enter, or press ? or * to list all spells.
Aiming: Lehudib's Crystal Spear (dangerous; 2% risk of failure)
Press: ? - help, Shift-Dir - straight line, f - shadow dragon
Aim: a shadow dragon (heavily wounded, ally target, 83% to hit)
You feel a surge of power!
The crystal spear hits the shadow dragon!!!
The shadow dragon is almost dead.
Your spellforged servitor casts a spell at the shadow dragon.
The crystal spear hits the shadow dragon!!!
The shadow dragon dies!
Vehumet accepts your kill.
You start resting.
A yaktaur captain is nearby!
A bolt appears from out of your range of vision.
The bolt hits your spellforged servitor!!
A fire giant comes into view.
It is wielding a +2 great sword of flaming.
The fire giant shouts!
K - a staff of fire (weapon)
Casting: Lehudib's Crystal Spear (dangerous; 2% risk of failure)
Confirm with . or Enter, or press ? or * to list all spells.
An electric hum fills the air.
Your spellforged servitor disappears in a puff of smoke!
The fire giant hits your lightning spire with a +2 great sword of flaming.
Casting: Summon Lightning Spire (safe; 1% risk of failure)
Confirm with . or Enter, or press ? or * to list all spells.
You summon a servant imbued with your destructive magic!
You hear a shout!
The fire giant hits your lightning spire with a +2 great sword of flaming.
The fire giant hits your lightning spire with a +2 great sword of flaming!!
The fire giant burns your lightning spire.
Your spellforged servitor points at the fire giant and mumbles some strange words.
The crystal spear hits the fire giant!!!
The fire giant hits your spellforged servitor with a +2 great sword of flaming.
The fire giant casts a spell at your spellforged servitor.
The bolt of fire misses your spellforged servitor.
The yaktaur captain shoots a bolt.
The bolt hits you!!
You die...

###############
...............
.....C9........
####8@# ..# #.##..#
...# #/##..# ...# #
#(###.## #..#
#)#(#.#.c## ...#
##.#.#.##..####..#
#..D)...##.†.....#
#...#.#...###.....#
#.D..##[##.D..####c.#


You could see a fire giant (distracted, ally target), a yaktaur captain, a
friendly spellforged servitor (summoned) and a friendly lightning spire
(summoned).

Vanquished Creatures
  Boris (Vaults:2)
  A golden dragon (Depths:2)
  the Enchantress (Depths:2)
  Rupert (Orc:2)
  A tentacled monstrosity (Vaults:5)
  A walking earthen tome (Depths:2)
  3 deep elf blademasters
  A walking divine tome (Depths:3)
  2 deep elf master archers (Elf:3)
  3 sphinxes
  7 acid blobs (Slime:5)
  A tentacled starspawn (Abyss:2)
  3 tengu reavers
  3 storm dragons
  2 nagarajas (Snake:4)
  4 azure jellies
  Aizul (Depths:2)
  A fenstrider witch (Swamp:1)
  5 rockslimes
  3 deep elf sorcerers (Elf:3)
  A frost giant (Depths:2)
  5 fire giants
  6 vault wardens
  Louise (D:14)
  4 spectral caustic shrikes (Depths:3)
  5 draconian stormcallers (Depths:4)
  6 quicksilver oozes
  An orc warlord (Vaults:1)
  2 stone giants
  5 deep elf elementalists
  A war gargoyle (Vaults:5)
  5 formless jellyfish
  8 ironbound preservers
  8 very ugly things
  An ironbound thunderhulk (Vaults:1)
  5 deep elf annihilators
  5 eleionomae
  3 vampire knights (Depths:2)
  3 deep elf demonologists
  A lorocyproca (Abyss:2)
  A yellow draconian (Depths:4)
  Snorg (D:11)
  2 bunyips
  2 spark wasps (Depths:2)
  5 dire elephants
  A white draconian (Depths:4)
  2 crystal guardians
  5 fire dragons
  An ettin (Depths:4)
  A deep elf death mage (Elf:3)
  An entropy weaver (Vaults:2)
  A jiangshi (Vaults:3)
  4 deep elf high priests
  Erolcha (D:11)
  5 yaktaur captains
  A peacekeeper (Vaults:1)
  Fannar (Lair:1)
  11 hydras
  5 spriggan air magi
  13 vault guards
  3 great orbs of eyes
  A ghost crab (Swamp:4)
  2 ogre magi
  2 catoblepae (Lair:5)
  4 ironbound frosthearts
  Erica (D:9)
  8 alligators
  3 rakshasas (Depths:2)
  3 boulder beetles
  3 ice dragons (Depths:2)
  4 anacondas
  6 centaur warriors
  10 two-headed ogres
  4 tengu warriors
  3 deep troll earth magi
  9 dancing weapons
  6 deep troll shamans
  2 naga warriors
  A demonic crawler (Abyss:2)
  3 death yaks
  2 vampire magi (Depths:1)
  A spriggan berserker (Depths:2)
  5 naga sharpshooters
  A thrashing horror (Abyss:2)
  Nergalle (D:11)
  2 orc high priests
  3 shock serpents
  4 hell knights
  A sun demon (Depths:4)
  A soul eater (Depths:4)
  8 deep elf knights
  An iron troll (Depths:1)
  A skyshark (Lair:4)
  3 goliath frogs
  A skeletal warrior (D:12)
  A salamander mystic (Snake:4)
  Lodul (D:11)
  19 deep trolls
  A sixfirhy (Abyss:2)
  A glowing orange brain (Abyss:2)
  6 ironbound convokers
  A spriggan druid (Swamp:1)
  7 swamp dragons (Swamp:4)
  2 flayed ghosts
  4 naga ritualists
  A bog body (Swamp:1)
  7 lindwurms
  3 orc knights
  4 mana vipers
  A phantasmal warrior (Vaults:5)
  10 wizards
  6 deep elf archers
  Pikel (D:8)
  4 harpies
  14 deep elf zephyrmancers
  11 deep elf pyromancers
  3 cyclopes
  4 necromancers
  15 ugly things
  An orc sorcerer (D:13)
  3 manticores
  A worldbinder (Abyss:2)
  Maurice (D:10)
  24 elephants
  16 nameless horrors
  17 black mambas
  7 salamanders
  4 naga magi
  3 molten gargoyles (Lair:5)
  3 vault sentinels
  2 eyes of devastation
  A guardian serpent (Snake:4)
  7 gargoyles
  12 cane toads
  2 torpor snails
  A kobold demonologist (D:9)
  3 unseen horrors (D:12)
  Maggie (D:7)
  An efreet (D:12)
  16 komodo dragons
  A tengu conjurer (Depths:3)
  3 rime drakes
  15 yaktaurs
  2 polar bears
  A queen bee (shapeshifter) (D:15)
  4 meliai (Depths:2)
  4 trolls
  Prince Ribbit (D:8)
  4 small abominations (Abyss:2)
  6 hornets
  Grinder (D:3)
  A tengu simulacrum (Depths:4)
  4 tyrant leeches
  6 raiju (Abyss:2)
  An iron dragon simulacrum (Depths:4)
  15 blink frogs
  2 dream sheep (Lair:2)
  32 slime creatures
  An air elemental (Elf:3)
  2 spriggans (Swamp:1)
  6 water elementals
  4 shadows
  A centaur simulacrum (D:12)
  36 yaks
  2 vampires (D:12)
  5 wraiths
  8 wyverns
  Eustachio (D:6)
  A fire elemental (Elf:3)
  3 hogs (D:14)
  A large abomination (Abyss:2)
  9 basilisks
  2 steam dragons
  12 vampire mosquitoes
  A chaos spawn (Abyss:2)
  A harpy simulacrum (Abyss:2)
  2 swamp worms (Swamp:1)
  3 acid dragons
  22 nagas
  22 water moccasins
  Duvessa (D:5)
  4 hell hounds (Lair:5)
  2 ice beasts
  13 orc warriors
  4 swamp drakes
  An ogre (shapeshifter) (D:12)
  A black bear (D:4)
  8 wolves
  5 boggarts
  18 ogres
  15 centaurs
  2 lemures (D:8)
  2 phantoms (D:6)
  2 kobold brigands (D:5)
  11 bullfrogs
  2 gnoll sergeants
  3 scorpions
  An earth elemental (Elf:1)
  14 wights
  Dowan (D:5)
  15 killer bees
  6 howler monkeys
  4 electric eels (Lair:3)
  5 lava snakes (Lair:5)
  3 hounds
  6 orc priests
  3 jellies
  A gnoll bouda (D:5)
  7 starcursed masses (Abyss:2)
  2 iguanas
  2 sleepcaps
  Natasha (thrice) (D:3)
  18 orc wizards
  A sickly merfolk siren (Sewer)
  A malarious merfolk avatar (Sewer)
  7 adders
  13 gnolls
  3 river rats
  2 shadow imps (D:6)
  A white imp (Abyss:2)
  2 ufetubi
  A dart slug (D:1)
  53 orcs
  13 ball pythons
  4 bats
  12 endoplasms
  5 giant cockroaches
  7 goblins
  4 hobgoblins
  3 jackals (D:1)
  21 kobolds
  7 quokkas
  2 frilled lizards (Sewer)
  27 rats
  A butterfly (Lair:1)
  A starspawn tentacle (Abyss:2)
1175 creatures vanquished.

Vanquished Creatures (collateral kills)
  A juggernaut (Depths:3)
  Josephina (Depths:4)
  the Lernaean hydra (Swamp:4)
  Saint Roka (Depths:2)
  A caustic shrike (Depths:2)
  2 golden dragons
  2 tentacled monstrosities
  2 walking earthen tomes
  A walking crystal tome (Depths:2)
  Jorgrun (D:14)
  5 liches
  A deep elf blademaster (Elf:3)
  A titan (Depths:3)
  15 acid blobs
  2 tentacled starspawn (Abyss:2)
  Agnes (Snake:3)
  Frances (Swamp:2)
  4 sphinxes
  Kirke (D:14)
  3 shadow dragons
  A storm dragon (Depths:2)
  2 tengu reavers
  Donald (Elf:2)
  5 azure jellies (Slime:5)
  5 rockslimes
  9 fire giants
  3 frost giants
  3 deep elf sorcerers
  2 nagarajas (Snake:4)
  An iron dragon (Depths:4)
  3 vault wardens
  A spectral caustic shrike (Depths:3)
  8 spriggan defenders
  3 deep elf elementalists (Elf:3)
  2 orc warlords
  2 nameless horrors
  4 ironbound preservers
  6 formless jellyfish
  7 quicksilver oozes
  3 ironbound thunderhulks
  6 stone giants
  6 very ugly things
  4 deep elf demonologists
  4 deep elf annihilators
  A green draconian (Depths:4)
  A bunyip (Swamp:1)
  2 dire elephants (Vaults:4)
  A purple draconian (Depths:4)
  8 spark wasps
  4 deep elf death magi
  An entropy weaver (Vaults:4)
  9 fire dragons
  A merfolk javelineer (Depths:2)
  9 ettins
  A deep elf high priest (Depths:2)
  6 great orbs of eyes
  A shambling mangrove (Swamp:1)
  3 rakshasas
  7 ice dragons
  4 yaktaur captains
  A spriggan air mage (Depths:4)
  8 hydras
  3 ogre magi (Orc:2)
  2 salamander tyrants (Snake:4)
  20 vault guards
  2 ghost crabs
  A peacekeeper (Vaults:3)
  7 anacondas
  7 ironbound frosthearts
  5 alligators
  5 centaur warriors
  2 deep troll shamans
  A radroach (shapeshifter) (Depths:3)
  11 two-headed ogres (Orc:2)
  9 naga warriors
  2 spriggan berserkers (Depths:3)
  6 deep troll earth magi
  3 tengu warriors
  2 vampire magi
  An alligator (shapeshifter) (Vaults:2)
  23 dancing weapons
  2 shock serpents
  5 deep elf knights
  4 naga sharpshooters
  A soul eater (Vaults:1)
  13 spriggans
  2 salamander mystics (Snake:3)
  10 hell knights
  6 iron trolls
  A wretched star (Abyss:2)
  A sea snake (shapeshifter) (Vaults:4)
  2 spriggan druids (Swamp:4)
  2 naga ritualists (Snake:3)
  30 deep trolls
  4 glowing orange brains
  8 orc knights
  4 lindwurms (Vaults:1)
  4 swamp dragons (Swamp:4)
  A flayed ghost (Depths:2)
  4 large abominations (Abyss:2)
  4 deep elf archers
  A bog body (Swamp:1)
  7 wizards
  A necromancer (Depths:4)
  A phantasmal warrior (Vaults:3)
  16 deep elf pyromancers
  3 harpies (Vaults:1)
  26 ugly things
  15 deep elf zephyrmancers
  6 ironbound convokers
  9 mana vipers
  5 salamanders
  An orc sorcerer (Abyss:2)
  A manticore (D:12)
  A worldbinder (Abyss:2)
  5 shining eyes
  2 cyclopes
  2 apocalypse crabs (Abyss:2)
  A smoke demon (Abyss:2)
  3 naga magi
  9 vault sentinels
  14 black mambas
  3 guardian serpents
  3 eyes of devastation
  A komodo dragon (shapeshifter) (D:12)
  A kobold demonologist (D:12)
  7 yaktaurs
  An efreet (Abyss:2)
  2 freezing wraiths
  A bloated husk (Swamp:1)
  4 tengu conjurers
  6 hornets
  2 tengu simulacra (Depths:4)
  3 meliai (Depths:2)
  A troll (Elf:1)
  A tarantella (Vaults:5)
  4 tyrant leeches
  10 raiju
  A flying skull (Vaults:3)
  82 slime creatures
  A spriggan (shapeshifter) (Elf:2)
  A vampire (D:12)
  3 air elementals (Elf:3)
  2 wraiths
  A fire elemental (Elf:3)
  6 water elementals
  A hog (D:14)
  11 starcursed masses (Abyss:2)
  A ynoxinul (Abyss:2)
  8 golden eyes (Slime:4)
  3 chaos spawn (Abyss:2)
  A neqoxec (Abyss:2)
  2 vampire mosquitoes
  A redback simulacrum (D:15)
  A warg (Elf:3)
  12 nagas
  2 swamp worms
  A naga skeleton (Abyss:2)
  A floating eye (Depths:4)
  7 orc warriors
  2 swamp drakes (Swamp:4)
  6 small abominations (Abyss:2)
  14 ogres
  3 centaurs (D:13)
  2 boggarts
  A gnoll sergeant (D:13)
  An earth elemental (Elf:2)
  2 quasits (Abyss:2)
  An orc priest (Orc:1)
  An orc wizard (Orc:1)
  6 gnolls
  7 orcs
  A ball lightning (Orc:1)
  2 starspawn tentacles (Abyss:2)
803 creatures vanquished.

Vanquished Creatures (others)
  An ogre mage (Vaults:5)
  A deep elf knight (Elf:1)
  A wizard (Vaults:1)
  A large abomination (Abyss:2)
  A storm dragon simulacrum (Depths:4)
  A bloated husk (Swamp:3)
  46 ball lightnings
  11 starspawn tentacles (Abyss:2)
63 creatures vanquished.

Grand Total: 2041 creatures vanquished

Notes
Turn   | Place    | Note
-------+----------+-------------------------------------------
     0 | D:1      | Frosty the Ogre Air Elementalist began the quest for the
                  | Orb.
     0 | D:1      | Reached XP level 1. HP: 16/16 MP: 3/3
   113 | D:1      | Reached skill level 1 in Conjurations
   377 | D:1      | Reached XP level 2. HP: 24/24 MP: 0/5
  1469 | D:1      | Reached XP level 3. HP: 30/32 MP: 0/6
  1968 | D:2      | Reached skill level 1 in Fighting
  2626 | D:3      | Reached XP level 4. HP: 39/41 MP: 1/8
  2703 | D:3      | Learned a level 2 spell: Static Discharge
  2780 | D:3      | Reached skill level 3 in Spellcasting
  3035 | D:3      | Noticed Natasha
  3041 | D:3      | Killed Natasha
  3042 | D:3      | Reached skill level 1 in Maces & Flails
  3074 | D:3      | Noticed Natasha
  3228 | D:3      | Killed Natasha
  3229 | D:3      | Reached XP level 5. HP: 49/49 MP: 6/9
  3356 | D:3      | Learned a level 3 spell: Stone Arrow
  3457 | D:3      | Noticed Natasha
  3949 | D:3      | Noticed Grinder
  3968 | D:3      | Killed Grinder
  3969 | D:3      | Reached skill level 4 in Spellcasting
  3969 | D:3      | Reached skill level 1 in Earth Magic
  3969 | D:3      | Reached XP level 6. HP: 57/57 MP: 1/12
  4161 | D:3      | Killed Natasha
  4263 | D:3      | Found a snail-covered altar of Cheibriados.
  4297 | D:3      | Found a burning altar of Makhleb.
  4831 | D:4      | Identified the +1 robe "Suicwido" {+Inv MP+9 Str+7 Int-5}
  4991 | D:4      | Found a staircase to the Ecumenical Temple.
  5000 | Temple   | Entered the Ecumenical Temple
  5037 | Temple   | Became a worshipper of Vehumet
  5103 | D:4      | Noticed a black bear
  5123 | D:4      | Killed a black bear
  5124 | D:4      | Reached XP level 7. HP: 54/65 MP: 13/13
  5339 | D:4      | Found an ornate altar of the Wu Jian Council.
  5827 | D:5      | Entered Level 5 of the Dungeon
  5830 | D:5      | Reached skill level 5 in Spellcasting
  6081 | D:5      | Reached skill level 1 in Translocations
  6081 | D:5      | Reached XP level 8. HP: 53/74 MP: 5/16
  6258 | D:5      | Found a glowing drain.
  6267 | Sewer    | Entered a sewer
  6350 | Sewer    | Reached * piety under Vehumet
  6350 | Sewer    | Offered knowledge of Freeze by Vehumet.
  6805 | Sewer    | Offered knowledge of Scorch by Vehumet.
  6822 | Sewer    | Reached ** piety under Vehumet
  6843 | Sewer    | Learned a level 4 spell: Iskenderun's Mystic Blast
  7231 | D:5      | Noticed a yak
  7232 | D:5      | Noticed a yak
  7233 | D:5      | Noticed a yak
  7235 | D:5      | Noticed a yak
  7241 | D:5      | Killed a yak
  7242 | D:5      | Reached skill level 6 in Spellcasting
  7753 | D:5      | Noticed Duvessa
  7771 | D:5      | Killed Duvessa
  7783 | D:5      | Noticed Dowan
  7805 | D:5      | Killed Dowan
  7965 | D:5      | Killed a yak
  7966 | D:5      | Reached skill level 5 in Conjurations
  7966 | D:5      | Reached XP level 9. HP: 62/80 MP: 15/19
  7972 | D:5      | Reached skill level 7 in Spellcasting
  8675 | D:5      | Identified the ring "Peggoy" {rPois rC+ MP+9}
  8721 | D:5      | Learned a level 5 spell: Freezing Cloud
  8989 | D:6      | Found a runed translucent door.
  8990 | D:6      | Noticed Crazy Yiuf
  9126 | D:6      | Offered knowledge of Dazzling Flash by Vehumet.
  9306 | D:6      | Noticed Eustachio
  9315 | D:6      | Killed Eustachio
  9316 | D:6      | Reached skill level 1 in Ice Magic
  9501 | D:6      | Reached skill level 8 in Spellcasting
  9521 | D:6      | Reached *** piety under Vehumet
 10138 | D:6      | Found Lurgh's General Store.
 10147 | D:6      | Bought a scroll of identify for 22 gold pieces
 10147 | D:6      | Bought a potion of curing for 33 gold pieces
 10743 | D:7      | Noticed Maggie
 10749 | D:7      | Killed Maggie
 10904 | D:7      | Found a hide-covered altar of Uskayaw.
 10962 | D:7      | Reached skill level 5 in Air Magic
 10973 | D:7      | Reached XP level 10. HP: 91/91 MP: 22/22
 11105 | D:7      | Reached skill level 9 in Spellcasting
 11388 | D:7      | Offered knowledge of Hailstorm by Vehumet.
 11717 | D:7      | Learned a level 3 spell: Hailstorm
 11726 | D:7      | Found a shimmering blue altar of Sif Muna.
 12003 | D:8      | Noticed Pikel
 12003 | D:8      | Found a glowing golden altar of the Shining One.
 12018 | D:8      | Killed Pikel
 13000 | D:8      | Noticed Prince Ribbit
 13005 | D:8      | Killed Prince Ribbit
 13094 | D:8      | Found Jydos's Antique Armour Shop.
 13140 | D:9      | Reached skill level 10 in Spellcasting
 13178 | D:9      | Noticed a two-headed ogre
 13190 | D:9      | Killed a two-headed ogre
 13524 | D:9      | Found an ancient bone altar of Kikubaaqudgha.
 13531 | D:9      | Noticed Erica
 13663 | D:9      | Noticed a kobold demonologist
 13664 | D:9      | Noticed a soul eater
 13921 | D:9      | Reached **** piety under Vehumet
 13979 | D:9      | Killed a kobold demonologist
 13980 | D:9      | Reached skill level 5 in Earth Magic
 13980 | D:9      | Reached XP level 11. HP: 98/98 MP: 24/25
 14056 | D:9      | Offered knowledge of Irradiate by Vehumet.
 14313 | D:9      | Killed Erica
 14314 | D:9      | Reached skill level 11 in Spellcasting
 14454 | D:9      | Found an opulent altar of Gozag.
 15051 | D:10     | Entered Level 10 of the Dungeon
 15196 | D:10     | Found a staircase to the Lair.
 15368 | D:10     | Found a white marble altar of Elyvilon.
 15524 | D:10     | Found a stormy altar of Qazlal.
 15658 | D:10     | Noticed Maurice
 15663 | D:10     | Killed Maurice
 16042 | Lair:1   | Entered Level 1 of the Lair of Beasts
 16081 | Lair:1   | Reached skill level 12 in Spellcasting
 16718 | Lair:1   | Learned a level 5 spell: Irradiate
 17356 | Lair:1   | Noticed Fannar
 17366 | Lair:1   | Killed Fannar
 17367 | Lair:1   | Reached skill level 1 in Transmutations
 17367 | Lair:1   | Reached XP level 12. HP: 106/107 MP: 19/28
 17735 | Lair:1   | Reached skill level 13 in Spellcasting
 18324 | Lair:1   | Identified the +6 war axe of Spores {drain, rF+}
 18944 | Lair:2   | Found a runed translucent gate.
 18944 | Lair:2   | Found a runed translucent gate.
 19116 | Lair:2   | Reached skill level 14 in Spellcasting
 19830 | Lair:2   | Reached XP level 13. HP: 114/114 MP: 31/31
 19989 | Lair:2   | Found a runed translucent gate.
 19991 | Lair:2   | Noticed hackon's ghost (journeyman OgFE)
 19995 | Lair:2   | Found a viscous altar of Jiyva.
 20013 | Lair:2   | Upgraded the game from 0.31-a0-276-ge00219d475 to
                  | 0.31-a0-278-g485e682e34
 20182 | Lair:2   | Found a staircase to the Snake Pit.
 20247 | Lair:2   | Reached skill level 1 in Axes
 20247 | Lair:2   | Reached skill level 15 in Spellcasting
 20252 | Lair:2   | Reached ***** piety under Vehumet
 20450 | Lair:2   | Offered knowledge of Arcjolt by Vehumet.
 20512 | Lair:2   | Learned a level 5 spell: Arcjolt
 21242 | Lair:3   | Found a staircase to the Swamp.
 22109 | Lair:3   | Reached skill level 5 in Fighting
 22780 | Lair:4   | Learned a level 6 spell: Conjure Ball Lightning
 22982 | Lair:4   | Reached skill level 16 in Spellcasting
 23762 | Lair:4   | Reached skill level 10 in Conjurations
 23918 | Lair:5   | Entered Level 5 of the Lair of Beasts
 24260 | Lair:5   | Reached XP level 14. HP: 130/130 MP: 34/34
 25850 | Lair:5   | Reached skill level 17 in Spellcasting
 26025 | Lair:5   | Found a large runed translucent door.
 26026 | Lair:5   | Found a large runed translucent door.
 26679 | Lair:5   | Offered knowledge of Spellforged Servitor by Vehumet.
 26794 | Lair:5   | Found a staircase to the Slime Pits.
 26796 | Lair:5   | Found a viscous altar of Jiyva.
 27012 | Lair:5   | Upgraded the game from 0.31-a0-278-g485e682e34 to
                  | 0.31-a0-313-g785cd24033
 27200 | D:11     | Found a staircase to the Orcish Mines.
 27202 | D:11     | Noticed Erolcha
 27419 | D:11     | Noticed Snorg
 27425 | D:11     | Killed Snorg
 27426 | D:11     | Reached skill level 5 in Ice Magic
 27434 | D:11     | Killed Erolcha
 27791 | D:11     | Learned a level 7 spell: Spellforged Servitor
 27905 | D:11     | Reached skill level 1 in Summonings
 28109 | D:11     | Noticed Nergalle
 28116 | D:11     | Killed Nergalle
 28117 | D:11     | Reached skill level 1 in Armour
 28260 | D:11     | Noticed Lodul
 30122 | D:12     | Reached XP level 15. HP: 94/136 MP: 10/36
 30822 | D:12     | Reached skill level 5 in Summonings
 31784 | D:12     | Identified the +0 sling "Dodov" {heavy, rC+ Dex+3}
 31788 | D:12     | Identified the staff "Lyfimaj" {rPois Int+3 Dex+3 Poison}
 32453 | D:11     | Killed Lodul
 32690 | D:11     | Learned a level 8 spell: Lehudib's Crystal Spear
 32910 | D:13     | Identified the +1 whip of the Thirsty Bounties {holy, rF+
                  | rC++ Dex+3}
 33434 | D:13     | Offered knowledge of Fireball by Vehumet.
 33843 | D:13     | Found a gate to the Vaults.
 34670 | D:14     | Noticed Jorgrun
 34677 | D:14     | Killed Jorgrun
 34754 | D:14     | Reached skill level 18 in Spellcasting
 34771 | D:14     | Noticed Kirke
 34777 | D:14     | Noticed Louise
 34779 | Abyss:2  | Cast into level 2 of the Abyss (Louise)
 34807 | Abyss:2  | Found a corrupted altar of Lugonu.
 34826 | Abyss:2  | Found a corrupted altar of Lugonu.
 34826 | Abyss:2  | Found a corrupted altar of Lugonu.
 34851 | D:14     | Escaped the Abyss
 35055 | D:14     | Killed Kirke
 35310 | D:14     | Identified the +1 flail of Dyoxurustu {heavy, Int+2}
 35375 | D:14     | Killed Louise
 36061 | D:10     | Learned a level 5 spell: Fireball
 36172 | D:15     | Entered Level 15 of the Dungeon
 36176 | D:15     | Reached XP level 16. HP: 117/145 MP: 26/38
 36306 | D:15     | Reached skill level 1 in Fire Magic
 36635 | D:15     | Upgraded the game from 0.31-a0-313-g785cd24033 to
                  | 0.31-a0-325-g067879e3d3
 37120 | D:15     | Found a staircase to the Depths.
 38221 | Orc:1    | Entered Level 1 of the Orcish Mines
 38923 | Orc:1    | Offered knowledge of Orb of Destruction by Vehumet.
 39254 | Orc:2    | Entered Level 2 of the Orcish Mines
 39254 | Orc:2    | Found Yguoq's General Store.
 39261 | Orc:2    | Bought a potion of might for 56 gold pieces
 39261 | Orc:2    | Bought a scroll of identify for 28 gold pieces
 39261 | Orc:2    | Bought a scroll of fog for 56 gold pieces
 39261 | Orc:2    | Bought a potion of curing for 42 gold pieces
 39261 | Orc:2    | Bought a potion of curing for 42 gold pieces
 39301 | Orc:2    | Noticed Rupert
 39307 | Orc:2    | Killed Rupert
 40108 | Orc:2    | Found a staircase to the Elven Halls.
 40223 | Orc:2    | Offered knowledge of Leda's Unmaking by Vehumet.
 40598 | Orc:2    | Found Qiaseokk's General Store.
 40599 | Orc:2    | Found Ideed's Magic Scroll Emporium.
 40599 | Orc:2    | Found Zyerapsu's Armour Boutique.
 40599 | Orc:2    | Found Bovol's Distillery.
 40605 | Orc:2    | Reached skill level 19 in Spellcasting
 40821 | Orc:2    | Bought a potion of curing for 33 gold pieces
 40821 | Orc:2    | Bought a scroll of identify for 22 gold pieces
 40821 | Orc:2    | Bought a potion of brilliance for 44 gold pieces
 40821 | Orc:2    | Bought the +1 hat "Xoit" {Int+3} for 245 gold pieces
 40832 | Orc:2    | Bought a potion of heal wounds for 65 gold pieces
 40832 | Orc:2    | Bought a potion of curing for 39 gold pieces
 40832 | Orc:2    | Bought a potion of magic for 104 gold pieces
 40832 | Orc:2    | Bought a potion of resistance for 130 gold pieces
 40834 | Orc:2    | Bought 3 scrolls of teleportation for 90 gold pieces
 40834 | Orc:2    | Bought a scroll of identify for 20 gold pieces
 40834 | Orc:2    | Bought a scroll of identify for 20 gold pieces
 40834 | Orc:2    | Bought a scroll of fear for 40 gold pieces
 40834 | Orc:2    | Bought a scroll of identify for 20 gold pieces
 40834 | Orc:2    | Bought a scroll of enchant weapon for 75 gold pieces
 40834 | Orc:2    | Bought a scroll of identify for 20 gold pieces
 40834 | Orc:2    | Bought a scroll of silence for 95 gold pieces
 40834 | Orc:2    | Bought a scroll of identify for 20 gold pieces
 41774 | Swamp:1  | Entered Level 1 of the Swamp
 42227 | Lair:3   | Upgraded the game from 0.31-a0-325-g067879e3d3 to
                  | 0.31-a0-339-gda1cbd555d
 42326 | Swamp:1  | Noticed a fenstrider witch
 42329 | Swamp:1  | Killed a fenstrider witch
 42400 | Swamp:1  | Reached XP level 17. HP: 135/152 MP: 15/40
 42936 | Swamp:1  | Identified the +1 cloak "Zatim" {rPois Str-3 Int+2}
 43249 | Swamp:2  | Reached skill level 5 in Fire Magic
 43381 | Swamp:2  | Noticed Frances
 43387 | Swamp:2  | Killed Frances
 43388 | Swamp:2  | Reached skill level 10 in Earth Magic
 44437 | Swamp:4  | Entered Level 4 of the Swamp
 44889 | Swamp:4  | Offered knowledge of Ozocubu's Refrigeration by Vehumet.
 44900 | Swamp:4  | Learned a level 7 spell: Ozocubu's Refrigeration
 45008 | Swamp:4  | Reached skill level 20 in Spellcasting
 45689 | Swamp:4  | Upgraded the game from 0.31-a0-339-gda1cbd555d to
                  | 0.31-a0-343-g456c268693
 46039 | Swamp:4  | Noticed the 27-headed Lernaean hydra
 46054 | Swamp:4  | Killed the 27-headed Lernaean hydra
 46371 | Swamp:4  | Got a decaying rune of Zot
 46829 | Snake:1  | Entered Level 1 of the Snake Pit
 48087 | Snake:1  | Offered knowledge of Plasma Beam by Vehumet.
 48906 | Snake:2  | Reached XP level 18. HP: 158/159 MP: 30/42
 50002 | Snake:2  | Upgraded the game from 0.31-a0-343-g456c268693 to
                  | 0.31-a0-344-gd109795599
 50409 | Snake:3  | Noticed Agnes
 50414 | Snake:3  | Killed Agnes
 50571 | Snake:3  | Found Secebry's Antique Armour Boutique.
 50593 | Snake:3  | Found Tujiyw's Jewellery Shoppe.
 51157 | Snake:3  | Reached skill level 21 in Spellcasting
 52613 | Snake:3  | Upgraded the game from 0.31-a0-344-gd109795599 to
                  | 0.31-a0-348-g810772c3d7
 52614 | Snake:4  | Entered Level 4 of the Snake Pit
 52777 | Snake:4  | Reached skill level 15 in Conjurations
 52945 | Snake:4  | Reached ****** piety under Vehumet
 53056 | Snake:4  | Found Ducuegatu's Magic Scroll Shop.
 53069 | Snake:4  | Found Alehepp's Assorted Antiques.
 53069 | Snake:4  | Found Allelolael's Distillery.
 53074 | Snake:4  | Bought a scroll of teleportation for 39 gold pieces
 53074 | Snake:4  | Found Eviceisawn's Magic Scroll Boutique.
 53077 | Snake:4  | Bought 2 potions of heal wounds for 250 gold pieces
 53077 | Snake:4  | Bought a scroll of teleportation for 75 gold pieces
 53077 | Snake:4  | Bought a potion of curing for 75 gold pieces
 53077 | Snake:4  | Bought a potion of mutation for 200 gold pieces
 53077 | Snake:4  | Bought a scroll of fear for 100 gold pieces
 53080 | Snake:4  | Bought a scroll of amnesia for 84 gold pieces
 53088 | Snake:4  | Bought a potion of invisibility for 176 gold pieces
 53088 | Snake:4  | Bought a potion of magic for 176 gold pieces
 53088 | Snake:4  | Bought 2 potions of curing for 132 gold pieces
 53088 | Snake:4  | Bought a potion of curing for 66 gold pieces
 53088 | Snake:4  | Bought a potion of enlightenment for 110 gold pieces
 53142 | Snake:4  | Reached skill level 1 in Shields
 53374 | Snake:4  | Offered knowledge of Shatter by Vehumet.
 53374 | Snake:4  | Offered knowledge of Chain Lightning by Vehumet.
 53374 | Snake:4  | Offered knowledge of Polar Vortex by Vehumet.
 54341 | Snake:4  | Reached skill level 5 in Shields
 54465 | Snake:4  | Got a serpentine rune of Zot
 55118 | Vaults:1 | Entered Level 1 of the Vaults
 55164 | Vaults:1 | Reached XP level 19. HP: 106/167 MP: 38/44
 56715 | Abyss:2  | Cast into level 2 of the Abyss (a wizard)
 56820 | Abyss:2  | Reached skill level 10 in Air Magic
 57483 | Abyss:2  | Found a corrupted altar of Lugonu.
 57511 | Abyss:2  | Found a corrupted altar of Lugonu.
 57598 | Abyss:2  | Found a corrupted altar of Lugonu.
 57716 | Abyss:2  | Noticed a Hell Sentinel
 57885 | Abyss:2  | Found a corrupted altar of Lugonu.
 57907 | Abyss:2  | Reached skill level 5 in Armour
 58063 | Abyss:2  | Gained mutation: You sometimes lose your temper in combat.
                  | [a neqoxec]
 58066 | Vaults:1 | Escaped the Abyss
 59056 | Vaults:1 | Learned a level 4 spell: Summon Lightning Spire
 59061 | Vaults:1 | Learned a level 4 spell: Animate Armour
 59584 | Vaults:2 | Noticed Boris
 60266 | Vaults:2 | Found Pusuol's Weapon Shop.
 60528 | Vaults:2 | Reached XP level 20. HP: 175/175 MP: 40/45
 61009 | Vaults:3 | Found a staircase to the Crypt.
 61039 | Vaults:3 | Found a flickering gateway to a bazaar.
 61050 | Bazaar   | Entered a bazaar
 61050 | Bazaar   | Found Alemist's Antique Weapon Shoppe.
 61050 | Bazaar   | Found Ushrua's General Store.
 61238 | Bazaar   | Found Eczixt's Jewellery Boutique.
 61249 | Bazaar   | Found Qequmn's Magic Scroll Emporium.
 61257 | Bazaar   | Bought a scroll of teleportation for 36 gold pieces
 61257 | Bazaar   | Bought a scroll of fog for 48 gold pieces
 61257 | Bazaar   | Bought a scroll of teleportation for 36 gold pieces
 61257 | Bazaar   | Bought a scroll of fear for 48 gold pieces
 61257 | Bazaar   | Found Baegaun's Antique Armour Emporium.
 61684 | Vaults:3 | Reached skill level 22 in Spellcasting
 61792 | Vaults:3 | Reached skill level 10 in Shields
 61949 | Vaults:3 | Identified a scroll of acquirement
 62498 | Vaults:3 | Identified the ring "Astrinwou" {rC+ SInv}
 63733 | Vaults:4 | Found a runed translucent gate.
 63733 | Vaults:4 | Noticed Arghirug's ghost (adept HOFi)
 63733 | Vaults:4 | Identified the ring of the Briny Deep {*Slow rN+ Str+6
                  | Int+8 Dex-4}
 63734 | Vaults:4 | Found a runed translucent gate.
 63734 | Vaults:4 | Found a runed translucent gate.
 64405 | Vaults:4 | Identified the staff "Olyenikho" {rC+ Str-2 Dex+7 Ice}
 64725 | Vaults:4 | Reached skill level 23 in Spellcasting
 65439 | Vaults:4 | Acquired a book of Spatial Translocations
 65445 | Vaults:4 | Learned a level 2 spell: Blink
 65935 | Vaults:5 | Entered Level 5 of the Vaults
 66081 | Vaults:2 | Killed Boris
 66082 | Vaults:2 | Reached XP level 21. HP: 164/183 MP: 26/48
 66979 | Vaults:2 | Found a portal to a secret trove of treasure.
 67692 | Elf:1    | Entered Level 1 of the Elven Halls
 70099 | Elf:2    | Found Waluol's Antique Weapon Boutique.
 70104 | Elf:2    | Found Naluek's Antique Weapon Boutique.
 70177 | Elf:2    | Noticed Roxanne
 70666 | Elf:2    | Upgraded the game from 0.31-a0-348-g810772c3d7 to
                  | 0.31-a0-358-gac0dbeb3ab
 70800 | Elf:2    | Found Laixt's Armour Emporium.
 71226 | Elf:2    | Reached skill level 24 in Spellcasting
 71333 | Elf:2    | Found a runed translucent gate.
 71333 | Elf:2    | Found a runed translucent gate.
 71333 | Elf:2    | Found a runed translucent gate.
 71466 | Elf:2    | Noticed Donald
 71621 | Elf:2    | Killed Donald
 72311 | Elf:2    | Weapons
 72559 | Elf:3    | Entered Level 3 of the Elven Halls
 73314 | Elf:3    | Paralysed by an air elemental for 1 turns
 73399 | Elf:3    | Found a transporter.
 73405 | Elf:3    | Found a bloodstained altar of Trog.
 73411 | Elf:3    | Identified the +2 robe "Asmyemnea" {Str+5}
 73411 | Elf:3    | Identified the ring of Kymmalul {rElec EV+5}
 73580 | Elf:3    | Found a transporter.
 73585 | Elf:3    | Noticed Kiciri's ghost (adept GnWr)
 73703 | Elf:3    | Paralysed by an air elemental for 1 turns
 74128 | Elf:3    | Reached XP level 22. HP: 123/191 MP: 32/50
 74248 | Elf:3    | Paralysed by an air elemental for 1 turns
 74510 | Elf:3    | Identified the ring "Zorav" {rElec rPois rC+ Int-3 Stlth+}
 75514 | Elf:3    | Got the Tractate on Imprecation
 75549 | Elf:3    | Identified the +0 robe "Mohim" {Regen+ Dex+2}
 75609 | Elf:3    | Identified the staff "Ogre's Foe" {rN+ Will+ Necro}
 76089 | Depths:1 | Entered Level 1 of the Depths
 76284 | Depths:1 | Paralysed by a sphinx for 4 turns
 76546 | Depths:1 | Reached skill level 10 in Summonings
 76552 | Depths:1 | Reached skill level 5 in Axes
 77031 | Depths:1 | Found a glowing silver altar of Zin.
 77163 | Depths:1 | Found an iron altar of Okawaru.
 77177 | Depths:1 | Found a gateway to Hell.
 77245 | Depths:1 | You fall into a shaft and drop 1 floor!
 77251 | Depths:2 | Reached skill level 25 in Spellcasting
 77543 | Depths:2 | Noticed the Enchantress
 77550 | Depths:2 | Killed the Enchantress
 78023 | Depths:2 | Noticed a golden dragon
 78079 | Depths:2 | Noticed Saint Roka
 78088 | Depths:2 | Killed Saint Roka
 78335 | Depths:2 | Upgraded the game from 0.31-a0-358-gac0dbeb3ab to
                  | 0.31-a0-466-g98c9adc2b6
 78430 | Depths:2 | Identified the amulet of Equivalence {Faith Rampage +Blink
                  | Will-}
 78435 | Depths:2 | Noticed a caustic shrike
 78440 | Depths:2 | Killed a caustic shrike
 79251 | Depths:2 | Reached XP level 23. HP: 162/198 MP: 47/52
 79692 | Depths:2 | Learned a level 9 spell: Chain Lightning
 79701 | Depths:2 | Learned a level 8 spell: Summon Horrible Things
 79756 | Depths:2 | HP: 8/198 [spark wasp/living lightning (9)]
 79757 | Depths:2 | HP: 2/198 [cloud of freezing vapour (6)]
 81368 | Depths:2 | Killed a golden dragon
 81429 | Depths:2 | Noticed a golden dragon
 81434 | Depths:2 | Killed a golden dragon
 81525 | Depths:2 | Identified the +9 great sword of Dufa {elec, rF+ rC- rN+
                  | SInv}
 81525 | Depths:2 | Identified the ring of the Heavens {MP+9 Dex+2}
 81768 | Depths:2 | Identified the +4 flail of Darkness {pain, Int+3}
 81963 | Depths:2 | Noticed Aizul
 81969 | Depths:2 | Killed Aizul
 82083 | Depths:2 | Identified the +0 cloak of Lofrotis {Regen+ Int+2}
 82094 | Depths:2 | Found a one-way gate leading to the halls of Pandemonium.
 83330 | Depths:3 | Identified the +2 flail "Zunykhlye" {drain, *Rage Int+5}
 83833 | Depths:3 | Upgraded the game from 0.31-a0-466-g98c9adc2b6 to
                  | 0.31-a0-506-g3d79149578
 84574 | Depths:3 | Reached skill level 26 in Spellcasting
 84860 | Depths:3 | Found a one-way gateway to a ziggurat.
 84866 | Depths:3 | Got Dispater's Annotations on Metallic Combat Magic
 85123 | Depths:3 | Noticed a golden dragon
 85132 | Depths:3 | Killed a golden dragon
 85384 | Depths:3 | Noticed a juggernaut
 85397 | Depths:3 | Killed a juggernaut
 85398 | Depths:3 | Reached XP level 24. HP: 206/206 MP: 37/53
 85717 | Depths:3 | Found a one-way gate to the infinite horrors of the Abyss.
 86256 | Depths:3 | Upgraded the game from 0.31-a0-506-g3d79149578 to
                  | 0.31-a0-523-g071a6c1ffa
 86263 | Depths:3 | Stash
 86264 | Depths:4 | Entered Level 4 of the Depths
 86477 | Depths:4 | Identified the ring "Madaceig" {Ice rN+ Str+3 Stlth+}
 86477 | Depths:4 | Noticed Josephina
 86486 | Depths:4 | Killed Josephina
 86514 | Depths:4 | Paralysed by a floating eye for 4 turns
 87494 | Depths:4 | Found a gate to the Realm of Zot.
 87507 | Depths:4 | Upgraded the game from 0.31-a0-523-g071a6c1ffa to
                  | 0.31-a0-536-ga3e2962e35
 88095 | Depths:4 | Found a sparkling altar of Nemelex Xobeh.
 88563 | D:10     | Upgraded the game from 0.31-a0-536-ga3e2962e35 to
                  | 0.31-a0-543-geaa9c7a2c0
 89027 | Slime:1  | Entered Level 1 of the Pits of Slime
 90500 | Slime:3  | Gained mutation: You are vulnerable to heat. (rF-) [a
                  | shining eye]
 91159 | Slime:3  | Upgraded the game from 0.31-a0-543-geaa9c7a2c0 to
                  | 0.31-a0-549-gf98fd537a9
 91176 | Slime:3  | Gained mutation: You are robust. (+10% HP) [a shining eye]
 91178 | Slime:3  | Gained mutation: You are dopey. (Int -2) [a shining eye]
 91179 | Slime:3  | Gained mutation: You are weak. (Str -2) [a shining eye]
 92459 | Slime:4  | Gained mutation: You are very dopey. (Int -4) [a shining
                  | eye]
 93058 | Slime:5  | Entered Level 5 of the Pits of Slime
 93060 | Slime:5  | Found the +7 mace of Variability {chaos, chaos arc}
 93077 | Slime:4  | Paralysed by a formless jellyfish for 1 turns
 93692 | Slime:5  | Reached skill level 27 in Spellcasting
 95166 | Slime:1  | Gained mutation: You do not regenerate when monsters are
                  | visible. [a shining eye]
 95596 | Slime:5  | Reached XP level 25. HP: 235/235 MP: 34/54
 95720 | Slime:5  | Found the +7 sceptre of Torment {pain, torment}
 95943 | Slime:5  | Noticed the Royal Jelly
 96567 | Slime:5  | Found a viscous altar of Jiyva.
 97337 | D:10     | Lost mutation: You are vulnerable to heat. (rF-) [potion of
                  | mutation]
 97337 | D:10     | Lost mutation: You do not regenerate when monsters are
                  | visible. [potion of mutation]
 97337 | D:10     | Lost mutation: You are robust. (+10% HP) [potion of
                  | mutation]
 97337 | D:10     | Gained mutation: You occasionally lose the ability to read
                  | scrolls when taking damage. [potion of mutation]
 97338 | D:10     | Lost mutation: You sometimes lose your temper in combat.
                  | [potion of mutation]
 97338 | D:10     | Lost mutation: You occasionally lose the ability to read
                  | scrolls when taking damage. [potion of mutation]
 97338 | D:10     | Lost mutation: You are very dopey. (Int -4) [potion of
                  | mutation]
 97338 | D:10     | Gained mutation: You are robust. (+10% HP) [potion of
                  | mutation]
 97338 | D:10     | Gained mutation: You are agile. (Dex +4, Str/Int -1)
                  | [potion of mutation]
 97338 | D:10     | Gained mutation: You are very agile. (Dex +8, Str/Int -2)
                  | [potion of mutation]
 97919 | Vaults:4 | Upgraded the game from 0.31-a0-549-gf98fd537a9 to
                  | 0.31-a0-614-gc85dc1c48c
 98557 | Vaults:5 | Got the Almanac of Astrapomancy
 98580 | Vaults:5 | Identified the +1 short sword "Liratziz" {speed, rPois rF+
                  | Str+4}
 98592 | Vaults:5 | Noticed an ancient lich
 98608 | Vaults:5 | HP: 11/235 [storm dragon/bolt of lightning (19)]
 98609 | Vaults:5 | HP: 5/235 [arc of chain lightning (6)]
 98610 | Vaults:5 | HP: 2/235 [arc of chain lightning (3)]
 98621 | Vaults:5 | HP: 9/235 [tengu reaver/bolt of lightning (36)]
 98657 | Vaults:5 | Identified the +4 whip of Ofuxoel {venom, rC+}
 98694 | Vaults:5 | HP: 11/224 [shadow dragon/bolt of negative energy (30)]
 98716 | Vaults:5 | Shot with a bolt by a yaktaur captain

Illustrated notes ...... ...........# #.......... ...........# #.........) ...........###.......... ..........#...#......... #........#.....#........ .#......#.......#......# ..#....#.........#....#. ...#..#@..........#..#.. ....##.^....)..)...##... ....##....)........##... ..#).#...))).....#..#.. .#..).#...))....#....#. #......#.......#......# ...)..).#.....#........ ...##....#...#....##... ##....###....####.. Turn 72311 on Elf:2: Weapons

# ### ####......#.#### # #.#####
##..#......#.#
###..##.#####...#[[.[....# ###
...........##............# ##..
....##......#.......#....## ##..#
).............[.....#.....# #....
.)........................###.##.
##................[........##.##.
...............!@..)........#.###
..[.)......#######(#######..#..#
...........#.............#.....#
...)......###...........###...##
...)......#(#...........#.#.^..#
....)≈≈..##.##.........##.##...#
≈..#.≈≈≈≈#...#.........'...#...#
≈..#.≈≈≈##...##.......##...##.###
§.......'.....####'####.....###.#


Turn 86263 on Depths:3: Stash

Levels and vault maps discovered:
D:1:      evilmike_arrival_hilbert_curve, layout_basic
D:2:      layout_basic
D:3:      layout_loops_ring, gammafunk_temple_overflow_pools, uniq_grinder,
          uniq_natasha
D:4:      layout_cave_pools, nicolae_wu_jian_wuxing_cycle, temple_hall,
          st_stairs_6
D:5:      layout_basic, serial_glass, glass_columns_a, glass_columns_a,
          due_unseen_surprise, feat_on_display, cheibrodos_sewer_entry_sluice,
          uniq_duvessa
D:6:      layout_basic, serial_shops, nicolae_shop_tiny_glass,
          uniq_crazy_yiuf_cottage, uniq_eustachio
D:7:      layout_basic, general_overflow_altar,
          mainiacjoe_overflow_six_doors_small, uniq_maggie
D:8:      layout_basic, mainiacjoe_overflow_concentric_impassable, serial_shops,
          nicolae_shop_dealshenge, uniq_pikel, uniq_prince_ribbit1
D:9:      layout_long_grid, lemuel_crystal_altar,
          mainiacjoe_overflow_surrounded_room, uniq_erica
D:10:     layout_irregular_city, amcnicky_altar_gilded,
          nicolae_qazlal_style_of_elements, hellmonk_lair_entry_icy,
          uniq_maurice
D:11:     layout_irregular_city, david_orc_3, uniq_snorg, uniq_erolcha,
          uniq_nergalle, uniq_lodul
D:12:     minmay_nested_s, layout_rooms
D:13:     layout_loops_cross, grunt_vaults_entry_fortified, serial_glass,
          glass_columns_c, glass_columns_a
D:14:     wad_woods_pond, layout_basic, reono_crystal_passage, uniq_louise,
          uniq_jorgrun, uniq_kirke
D:15:     hangedman_depths_entry_civil_slaughter, layout_stronghold,
          small_statue_intersection
Temple:   nicolae_temple_bog_church
Lair:1:   layout_layer_cave, nicolae_lair_grazing_beasts
          [nicolae_sub_lair_graze_edge, nicolae_sub_lair_graze_edge,
          nicolae_sub_lair_graze_edge, nicolae_sub_lair_graze_edge],
          serial_bayou_shore_b, infiniplex_staircase_pool, lemuel_fruit_fields,
          uniq_fannar
Lair:2:   layout_roguey, minmay_snake_entry_six_corridors, gammafunk_ghost_ooze,
          beast_lair_carwin_11
Lair:3:   layout_roguey, minmay_swamp_entry_eels, minmay_lindwurm_lava,
          infiniplex_staircase_pool_2
Lair:4:   layout_cellular_growth
Lair:5:   cheibrodos_lair_end_hotspot, layout_regular_city, slime_entry_1,
          nicolae_lair_yak_garden
Swamp:1:  layout_basic_swamp, serial_swamp_ruin, evilmike_swamp_ruin_house_3,
          evilmike_swamp_ruin_house_2
Swamp:2:  layout_falls_marsh, nicolae_swamp_godswood, uniq_frances
Swamp:3:  layout_falls_marsh, nicolae_swamp_well_well_well
Swamp:4:  swamp_old_school, layout_basic_swamp
Snake:1:  layout_misc_corridors, serial_bayou_shore_b
Snake:2:  layout_gridlike, beargit_elvish_explorers, grunt_megastairs_5,
          lemuel_fruit_tree
Snake:3:  layout_chambers, serial_shops, nicolae_shop_gibbet_a_chance,
          minmay_shop_enchanted_jewellery, grunt_ministairs_8,
          grunt_megastairs_4, uniq_agnes
Snake:4:  johnstein_snake_rune_scales, layout_cave_town, serial_bayou_shore_b,
          minmay_shoptagon
Slime:1:  layout_caves
Slime:2:  layout_caves
Slime:3:  nicolae_slime_infinislime, layout_caves
Slime:4:  layout_caves, nicolae_slime_phagocytosis
Slime:5:  slime_pit_nicolae_inversion
Orc:1:    layout_caves
Orc:2:    st_orc_ogre_mass, layout_caves, serial_shops, shop, uniq_rupert
Elf:1:    minmay_elf_arrival_plus, layout_onion_city, minmay_elf_annihilation
Elf:2:    nicolae_elf_blades_splatter_lattice [nicolae_blade_little_rooms],
          layout_gridlike, serial_shops, shop, minmay_shop_star, uniq_donald,
          uniq_roxanne
Elf:3:    minmay_elf_hall_furrowed, layout_gridlike,
          gammafunk_ghost_wrathful_warriors, dreamdust_mushroom_princess,
          minivault_16, nicolae_concentric_dashed_squares_wild
Vaults:1: nicolae_vaults_rhombus_5, v_misc_8, nicolae_vaults_mini_display_case,
          nicolae_vaults_storage_room_glass, v_pattern_1,
          nicolae_vaults_bisected_exclaves, nicolae_vaults_little_ls,
          vaults_room_fancy_cross, nicolae_vaults_network_s,
          ontoclasm_vaults_gateway, grunt_vaults_twisty,
          nicolae_vaults_surprise_closet, vaults_dpeg_diagonal,
          layout_vaults_omnicross
Vaults:2: nicolae_vaults_shrinking_rooms_1, vaults_room_pools,
          nicolae_vaults_theta, v_alt_pattern_5,
          nicolae_vaults_diffraction_hallways, nicolae_vaults_tetromino_T_1,
          ontoclasm_vaults_tryst, layout_vaults_big_room, serial_shops, shop,
          nicolae_trove_entry_crossroad, uniq_boris
Vaults:3: nicolae_vaults_lightning_bolt, minmay_crypt_entry_simple_statues,
          ontoclasm_vaults_idyll, nicolae_vaults_angled_halls,
          vaults_room_fours, nicolae_vaults_library_corner,
          nicolae_vaults_sesquioval_fish, vaults_room_fours,
          nicolae_vaults_shelves_hall, layout_vaults_omnigrid, serial_shops,
          bzr_entry_customers
Vaults:4: gammafunk_ghost_split, nicolae_vaults_wine_cellar,
          nicolae_vaults_shipping_containers_2, hangedman_vaults_pinch,
          nicolae_vaults_door_testing_chamber, v_rooms_3, vaults_room_fours,
          nicolae_vaults_border_crossing, layout_vaults_omnibox
Vaults:5: serial_shops
Depths:1: layout_long_grid, okawaru_gym_becter, hell_entry, zin_angel,
          grunt_megastairs_2
Depths:2: box_level_dp, serial_shops, pan_entry, hell_entry, uniq_aizul,
          uniq_enchantress, uniq_saint_roka
Depths:3: nicolae_hexawheel, layout_cave_pools, enter_ziggurat_e,
          pf_hell_entry_tar_river, abyss_entry_crystal, roderic_lattice_a
Depths:4: evilmike_zot_entry_argh, layout_small_grid, hellmouth_1,
          lemuel_coloured_pillars_altar, kennysheep_random_hallway,
          uniq_josephina

Skill      XL: |  1  2  3  4  5  6  7  8  9 10 11 12 13 14 15 16 17 18 19 20 21 22 23 24 25 |
---------------+----------------------------------------------------------------------------+-----
Conjurations   | 1 2 3 5 6 7 8 9 10 11 13 14 15 16 17 18 | 18.1
Dodging        | 2 3 |  3.0
Air Magic      | 3 4 5 6 7 8 9 10 11 12 13 | 13.0
Fighting       | 1 2 3 4 6 |  6.2
Spellcasting   | 3 4 5 6 8 10 12 14 16 17 18 19 20 21 23 24 25 26 27 | 27.0
Maces & Flails | 1 2 3 4 |  4.1
Earth Magic    | 1 2 3 5 6 7 9 10 11 12 13 | 13.9
Translocations | 1 3 |  3.2
Ice Magic      | 1 2 3 4 5 6 7 |  7.8
Transmutations | 1 2 |  2.6
Axes           | 1 2 7 8 |  8.0
Summonings     | 3 7 8 9 10 12 13 14 | 14.6
Armour         | 3 6 7 8 |  8.3
Fire Magic     | 4 5 |  5.1
Shields        | 5 9 10 11 | 11.0
Stealth        | |  1.5
Evocations     | |  0.3

Action                     |  1- 3 |  4- 6 |  7- 9 | 10-12 | 13-15 | 16-18 | 19-21 | 22-24 | 25-27 || total
---------------------------+-------+-------+-------+-------+-------+-------+-------+-------+-------++-------
  Melee: Club              |    15 |       |       |       |       |       |       |       |       ||    15
         Dagger            |     2 |       |       |       |       |       |       |       |       ||     2
         Whip              |    37 |    32 |    74 |       |       |       |       |       |       ||   143
         Punch             |       |       |     2 |       |     1 |       |       |       |       ||     3
         Flail             |       |       |    26 |    20 |       |       |       |       |       ||    46
         Dire flail        |       |       |       |    19 |       |       |       |       |       ||    19
         War axe           |       |       |       |     5 |    78 |       |       |       |       ||    83
         Staff             |       |       |       |       |     3 |     9 |     8 |     7 |     1 ||    28
         Eveningstar       |       |       |       |       |       |    13 |   116 |    63 |       ||   192
  Throw: Dart              |       |       |       |     1 |       |       |       |       |       ||     1
   Cast: Shock             |    58 |    59 |   217 |   182 |   200 |   133 |    17 |       |       ||   866
         Static Discharge  |       |     3 |    14 |     2 |     1 |       |       |       |       ||    20
         Stone Arrow       |       |     9 |    57 |   162 |   394 |   358 |   397 |   245 |    24 ||  1646
         Iskenderun's Myst |       |       |     2 |       |     4 |       |       |     1 |     1 ||     8
         Freezing Cloud    |       |       |     5 |    58 |   138 |   151 |   102 |    94 |     8 ||   556
         Hailstorm         |       |       |       |     3 |     1 |       |       |       |       ||     4
         Irradiate         |       |       |       |     3 |    10 |    11 |    17 |     5 |       ||    46
         Conjure Ball Ligh |       |       |       |       |    13 |     6 |       |       |       ||    19
         Arcjolt           |       |       |       |       |     7 |       |    11 |    20 |       ||    38
         Spellforged Servi |       |       |       |       |    26 |   116 |   155 |   157 |    26 ||   480
         Lehudib's Crystal |       |       |       |       |     5 |    10 |    19 |    87 |    14 ||   135
         Fireball          |       |       |       |       |       |     6 |       |    12 |       ||    18
         Ozocubu's Refrige |       |       |       |       |       |     1 |       |       |       ||     1
         Animate Armour    |       |       |       |       |       |       |    49 |    26 |     1 ||    76
         Summon Lightning  |       |       |       |       |       |       |    11 |    76 |    16 ||   103
         Summon Horrible T |       |       |       |       |       |       |       |    12 |     7 ||    19
         Blink             |       |       |       |       |       |       |       |     6 |     9 ||    15
         Chain Lightning   |       |       |       |       |       |       |       |     5 |     6 ||    11
  Evoke: Wand              |       |       |     3 |       |     6 |     1 |     1 |     9 |       ||    20
    Use: Scroll            |       |       |     7 |     4 |    20 |    13 |    20 |    14 |     9 ||    87
         Potion            |       |       |       |       |     1 |     6 |    14 |    10 |     9 ||    40
   Stab: Invisible         |       |       |       |       |       |       |     1 |       |       ||     1
         Distracted        |       |       |       |       |       |       |     1 |       |       ||     1
 Armour: Robe              |    24 |     6 |    49 |    18 |    19 |       |       |       |       ||   116
         Troll leather arm |       |       |       |       |    45 |    34 |    91 |    16 |       ||   186
         Acid dragon scale |       |       |       |       |       |       |       |   110 |    51 ||   161
  Dodge: Dodged            |    38 |    21 |    77 |    45 |    92 |    46 |    84 |    71 |    28 ||   502
  Block: Kite shield       |       |       |       |       |       |       |   221 |   198 |    58 ||   477

Table legend: (Time is in decaauts)
 A = Elapsed time spent in this place.
 B = Non-inter-level travel time spent in this place.
 C = Inter-level travel time spent in this place.
 D = Time resting spent in this place.
 E = Time spent auto-exploring this place.
 F = Levels seen in this place.
 G = Mean time per level.
                   A        B        C        D        E       F      G
               +--------+--------+--------+--------+--------+-----+--------+
         Total |  98725 |  90418 |   8307 |  47544 |  31156 |  53 | 1862.7 |
       Dungeon |  28001 |  24609 |   3392 |  11996 |   9601 |  15 | 1866.7 |
        Temple |     56 |     31 |     25 |      0 |     26 |   1 |   56.0 |
          Lair |  12466 |  10980 |   1486 |   5506 |   4221 |   5 | 2493.2 |
         Swamp |   4681 |   4419 |    262 |   2120 |   1794 |   4 | 1170.2 |
     Snake Pit |   7755 |   7476 |    279 |   3838 |   2892 |   4 | 1938.8 |
    Slime Pits |   8128 |   7600 |    528 |   4485 |   2316 |   5 | 1625.6 |
  Orcish Mines |   2836 |   2643 |    193 |   1509 |    833 |   2 | 1418.0 |
   Elven Halls |   8122 |   7797 |    325 |   3845 |   2857 |   3 | 2707.3 |
        Vaults |  12054 |  11210 |    844 |   6526 |   3269 |   5 | 2410.8 |
        Depths |  12168 |  11198 |    970 |   6537 |   2987 |   4 | 3042.0 |
         Abyss |   1418 |   1418 |      0 |    656 |     25 |   3 |  472.7 |
        Bazaar |    235 |    235 |      0 |    170 |     53 |   1 |  235.0 |
         Sewer |    799 |    799 |      0 |    355 |    282 |   1 |  799.0 |
               +--------+--------+--------+--------+--------+-----+--------+

Top non-repeatable levels by time:
Depths:2: 5376 daAuts
Vaults:4: 3986 daAuts
  Lair:5: 3426 daAuts
Vaults:1: 3398 daAuts
    D:12: 3290 daAuts
   Elf:3: 3216 daAuts
  Lair:1: 2943 daAuts
    D:11: 2787 daAuts
Depths:3: 2688 daAuts
    D:10: 2639 daAuts
   Elf:2: 2530 daAuts
 Snake:3: 2398 daAuts
   Elf:1: 2375 daAuts
  Lair:2: 2374 daAuts
 Slime:4: 2334 daAuts
